 Dungeon Crawl Stone Soup version 0.17-a0-1479-g4041c36 (webtiles) character file.

9064 lauthentik the Covert (level 11, -6/75 HPs)
             Began as a Vampire Enchanter on July 3, 2015.
             Was an Elder of Kikubaaqudgha.
             Mangled by a death yak (17 damage)
             ... in an ice cave.
             The game lasted 00:47:56 (6401 turns).

lauthentik the Covert (Vampire Enchanter)           Turns: 6401, Time: 00:47:56

Health: -6/75      AC: 10    Str:  7    XL:     11   Next: 18%
Magic:  20/24      EV: 16    Int: 25    God:    Kikubaaqudgha [****..]
Gold:   588        SH:  0    Dex: 16    Spells: 7 memorised, 8 levels left

rFire  + . .     SeeInvis +     L - +0 rapier (flame)
rCold  + . .     Clarity  .     F - +1 robe {rF+}
rNeg   + + +     SustAt   .     (no shield)
rPois  +         Gourm    .     P - +0 helmet
rElec  .         Spirit   .     r - +0 cloak
rCorr  .         Warding  .     B - +1 pair of gloves "Toabeij" {rPois rN+ Int+3 Dex+2}
rMut   .         Stasis   .     K - +2 pair of boots
MR     +....                    h - amulet of regeneration
Stlth  ++++++....               (no ring)
                                (no ring)

@: regenerating slowly, somewhat resistant to hostile enchantments, very
stealthy
A: fangs 3, see invisible, unbreathing
a: Bat Form, Receive Corpses, Renounce Religion


You were in an ice cave.
You worshipped Kikubaaqudgha.
Kikubaaqudgha was greatly pleased with you.
You were thirsty.

You visited 3 branches of the dungeon, and saw 10 of its levels.
You also visited: Sewer and Ice Cave.

You collected 588 gold pieces.

Inventory:

Hand weapons
 m - a +6 dagger
 L - a +0 rapier of flaming (weapon)
Missiles
 e - 7 javelins (quivered)
 I - 3 tomahawks
Armour
 r - a +0 cloak (worn)
 u - a +0 buckler
 B - the +1 pair of gloves "Toabeij" (worn) {rPois rN+ Int+3 Dex+2}
   (You found it in a sewer)

   It affects your intelligence (+3).
   It affects your dexterity (+2).
   It protects you from poison.
   It protects you from negative energy.
 F - a +1 robe of fire resistance (worn)
 K - a +2 pair of boots (worn)
 P - a +0 helmet (worn)
Jewellery
 h - an amulet of regeneration (around neck)
Magical devices
 C - a wand of draining (8)
 D - a wand of flame (24)
 E - a wand of magic darts (13)
 M - a wand of draining (10)
Scrolls
 i - a scroll of amnesia {unknown}
 j - 3 scrolls of identify
 k - 6 scrolls of enchant weapon {unknown}
 l - 2 scrolls of immolation {unknown}
 n - a scroll of recharging {unknown}
 o - a scroll of enchant armour {unknown}
 q - 2 scrolls of fear {unknown}
 s - a scroll of magic mapping {unknown}
 t - a scroll of noise {unknown}
 x - 4 scrolls of fog {unknown}
 y - 3 scrolls of blinking {unknown}
 A - a scroll of random uselessness {unknown}
 G - a scroll of remove curse {unknown}
Potions
 a - 3 potions of curing {unknown}
 d - 5 potions of blood
 f - a potion of resistance {unknown}
 g - a potion of mutation {unknown}
 p - a potion of ambrosia {unknown}
 v - 2 potions of invisibility
 w - 2 potions of flight {unknown}
 H - a potion of lignification {unknown}
 J - 3 potions of haste {unknown}
Books
 c - a book of Maledictions

   Spells                             Type                      Level
   a - Corona                         Hexes                        1
   b - Ensorcelled Hibernation        Hexes/Ice                    2
   c - Confuse                        Hexes                        3
   d - Tukima's Dance                 Hexes                        3
   e - Dazzling Spray                 Conjuration/Hexes            3
 z - Kikubaaqudgha's Papyrus of Sinister Arts
   (Kikubaaqudgha gifted it to you in a sewer)

   Spells                             Type                      Level
   a - Pain                           Necromancy                   1
   b - Corpse Rot                     Necromancy                   2
   c - Sublimation of Blood           Necromancy                   2
   d - Regeneration                   Charms/Necromancy            3
   e - Control Undead                 Necromancy                   4
 N - Kikubaaqudgha's Collected Works on Sinister Arts
   (Kikubaaqudgha gifted it to you on level 1 of the Lair of Beasts)

   Spells                             Type                      Level
   a - Animate Dead                   Necromancy                   4
   b - Bolt of Draining               Conjuration/Necromancy       5
   c - Agony                          Necromancy                   5
   d - Dispel Undead                  Necromancy                   5
   e - Death Channel                  Necromancy                   6


   Skills:
 + Level 3.3 Fighting
 + Level 5.2 Short Blades
 + Level 6.7 Dodging
 - Level 13.0 Stealth
 + Level 9.5 Spellcasting
 - Level 9.1 Hexes
 + Level 5.7 Necromancy
 - Level 2.0 Ice Magic


You had 8 spell levels left.
You knew the following spells:

 Your Spells              Type           Power        Failure   Level  Hunger
a - Ensorcelled Hibernat  Hex/Ice        #####.       1%          2    None
b - Corona                Hex            ######.      1%          1    None
c - Agony                 Necr           #####...     14%         5    ####...
d - Confuse               Hex            ######..     1%          3    None
e - Control Undead        Necr           #####.....   6%          4    #......
f - Dispel Undead         Necr           #####...     14%         5    ####...
p - Pain                  Necr           ####         1%          1    None


Dungeon Overview and Level Annotations

Branches:
Dungeon (8/15)             Temple (1/1) D:4            Lair (2/8) D:8

Altars:
Ashenzari
Cheibriados
Elyvilon
Fedhas
Gozag
Kikubaaqudgha
Nemelex Xobeh
Ru
Sif Muna
Trog
Xom
Yredelemnul
Zin
The Shining One

Annotations:
D:4 Snupthedog's ghost, average HEHu
D:5 magipi's ghost, experienced TeFE


Innate Abilities, Weirdness & Mutations

You heal slowly.
You have razor-sharp teeth.
You have supernaturally acute eyesight.
You can survive without breathing.


Message History

You hit the death yak but do no damage.
The death yak is severely wounded.
You hit the death yak but do no damage. You bite the death yak.
You draw the death yak's blood!
You feel better.
You feel slightly less thirsty.
The death yak is almost dead.
The death yak closely misses you.
Casting: Ensorcelled Hibernation
Confirm with . or Enter, or press ? or * to list all spells.
Aiming: Ensorcelled Hibernation
Press: ? - help, Shift-Dir - straight line, f/p - death yak
Aim: a death yak (almost dead, chance to defeat MR: 8%)
The death yak resists with almost no effort.
The death yak gores you!!
* * * LOW HITPOINT WARNING * * *
You hit the death yak but do no damage.
The death yak is almost dead.
The death yak gores you!
You die...
Kikubaaqudgha rasps: "You have failed me!
Welcome... oblivion!"

##...#
##..#
##Y# #Yh#
##Y##
##hh#
#YY##
#Y##
#@##### #
#.#.#.#.#
#..§§§§#
#..⌠§#§#
##...###
##.## ###


You could see 2 death yaks, 3 polar bears and 4 yaks.

Vanquished Creatures
  A queen bee (Lair:2)
  2 wandering mushrooms (D:8)
  2 polar bears (IceCv)
  3 blink frogs (Lair:1)
  A deep elf mage (D:7)
  14 yaks
  A hungry ghost (D:7)
  4 hippogriffs
  8 wolves
  2 porcupines
  A water moccasin (Lair:1)
  8 ice beasts (Lair:2)
  2 wasps (D:8)
  A spider (D:8)
  2 black bears
  3 crocodiles
  2 centaurs
  5 giant frogs
  Blork the orc (D:5)
  2 scorpions
  5 wights (D:7)
  2 killer bees (Lair:2)
  A crimson imp (D:7)
  6 orc wizards
  2 giant frog skeletons
  3 orc priests
  4 hounds
  A centaur skeleton (D:5)
  3 iguanas
  3 worker ants
  5 sheep (Lair:2)
  A hound zombie (D:7)
  2 adders
  17 river rats
  2 shadow imps
  4 gnolls (D:4)
  4 oozes (Sewer)
  6 worms
  5 giant geckos
  18 orcs
  15 bats
  5 hobgoblins
  6 jackals
  2 ball pythons (Sewer)
  5 giant cockroaches
  A giant gecko skeleton (D:6)
  9 giant newts
  6 goblins
  6 kobolds
  4 quokkas
  9 rats
  A fungus (D:8)
228 creatures vanquished.

Vanquished Creatures (others)
  A polar bear (IceCv)
  A yak (IceCv)
  A fungus (Lair:2)
  5 plants (Lair:1)
8 creatures vanquished.

Grand Total: 236 creatures vanquished

Notes
Turn   | Place    | Note
--------------------------------------------------------------
     0 | D:1      | lauthentik the Vampire Enchanter began the quest for the Orb.
     0 | D:1      | Reached XP level 1. HP: 13/13 MP: 3/3
   306 | D:1      | Reached XP level 2. HP: 19/19 MP: 5/5
   453 | D:1      | Learned a level 2 spell: Ensorcelled Hibernation
   852 | D:2      | Reached XP level 3. HP: 24/24 MP: 1/6
   942 | D:2      | You fall through a shaft for 2 floors!
   942 | D:4      | Found a staircase to the Ecumenical Temple.
   974 | D:4      | Reached skill level 5 in Stealth
   974 | D:4      | Reached skill level 5 in Hexes
   984 | D:4      | Reached XP level 4. HP: 30/30 MP: 1/7
  1050 | D:4      | Reached skill level 6 in Stealth
  1061 | Temple   | Entered the Ecumenical Temple
  1141 | Temple   | Became a worshipper of Kikubaaqudgha
  1467 | D:4      | Found a glowing drain.
  1484 | Sewer    | Entered a sewer
  1669 | Sewer    | Reached XP level 5. HP: 35/35 MP: 6/9
  1770 | Sewer    | Acquired Kikubaaqudgha's first power
  1770 | Sewer    | Received a gift from Kikubaaqudgha
  1771 | Sewer    | Identified Kikubaaqudgha's Papyrus of Sinister Arts (Kikubaaqudgha gifted it to you in a sewer)
  1774 | Sewer    | Learned a level 1 spell: Pain
  1929 | Sewer    | Got a pair of shimmering gloves
  1954 | Sewer    | Identified the +1 pair of gloves "Toabeij" {rPois rN+ Int+3 Dex+2} (You found it in a sewer)
  2020 | Sewer    | Reached skill level 1 in Ice Magic
  2367 | D:4      | Noticed Snupthedog's ghost (average HEHu)
  2411 | D:5      | Entered Level 5 of the Dungeon
  2469 | D:5      | Noticed Blork the orc
  2507 | D:5      | Killed Blork the orc
  2507 | D:5      | Reached skill level 7 in Stealth
  2507 | D:5      | Reached XP level 6. HP: 32/42 MP: 2/10
  2672 | D:5      | Noticed magipi's ghost (experienced TeFE)
  2744 | D:6      | Noticed a hill giant
  2793 | D:7      | HP: 2/42 [orc (1)]
  2801 | D:7      | Acquired Kikubaaqudgha's second power
  2801 | D:7      | Reached skill level 1 in Necromancy
  2840 | D:7      | Learned a level 3 spell: Confuse
  2845 | D:7      | Learned a level 4 spell: Control Undead
  2852 | D:7      | Noticed a hungry ghost
  2867 | D:7      | Killed a hungry ghost
  2867 | D:7      | Reached skill level 1 in Fighting
  2867 | D:7      | Reached XP level 7. HP: 27/48 MP: 0/12
  3031 | D:7      | Reached skill level 8 in Stealth
  3224 | D:7      | Reached skill level 9 in Stealth
  3246 | D:7      | Reached XP level 8. HP: 41/54 MP: 0/14
  3420 | D:7      | Found a basalt altar of Yredelemnul.
  3445 | D:7      | Noticed a deep elf mage
  3454 | D:7      | Killed a deep elf mage
  3454 | D:7      | Reached skill level 10 in Stealth
  3753 | D:8      | Noticed a wandering mushroom
  3756 | D:8      | Found a staircase to the Lair.
  3756 | D:8      | Noticed a wandering mushroom
  3767 | D:8      | Killed a wandering mushroom
  3930 | D:8      | Reached skill level 5 in Spellcasting
  3936 | D:8      | Reached skill level 11 in Stealth
  3962 | D:8      | Killed a wandering mushroom
  3962 | D:8      | Reached XP level 9. HP: 36/59 MP: 13/17
  3998 | D:8      | Found a shattered altar of Ashenzari.
  4011 | D:8      | Reached skill level 12 in Stealth
  4059 | D:8      | Found a blossoming altar of Fedhas.
  4067 | D:8      | Found a sacrificial altar of Ru.
  4528 | Lair:1   | Entered Level 1 of the Lair of Beasts
  4594 | Lair:1   | Reached skill level 13 in Stealth
  4649 | Lair:1   | Received a gift from Kikubaaqudgha
  4650 | Lair:1   | Identified Kikubaaqudgha's Collected Works on Sinister Arts (Kikubaaqudgha gifted it to you on level 1 of the Lair of Beasts)
  4766 | Lair:1   | Found a snail-covered altar of Cheibriados.
  5042 | Lair:1   | Reached XP level 10. HP: 67/67 MP: 15/20
  5049 | Lair:1   | Learned a level 5 spell: Agony
  5055 | Lair:1   | Learned a level 5 spell: Dispel Undead
  5449 | Lair:1   | Reached skill level 5 in Necromancy
  5455 | Lair:1   | Reached skill level 5 in Dodging
  5771 | Lair:2   | Found a frozen archway.
  5829 | Lair:2   | Acquired Kikubaaqudgha's third power
  6118 | Lair:2   | Reached XP level 11. HP: 73/75 MP: 24/24
  6121 | IceCv    | Entered an ice cave
  6133 | IceCv    | Reached skill level 5 in Short Blades
  6370 | IceCv    | Noticed a death yak
  6370 | IceCv    | Noticed a death yak
  6401 | IceCv    | Mangled by a death yak

Vault maps used:
D:1:      zaba_arrival_water
D:2:      kennysheep_potato
D:4:      minmay_temple_entry_glass, portal_sewer_entry_b, first_bread
D:5:      uniq_menkaure, uniq_blork_the_orc
D:6:      grunt_potential
D:7:      lemuel_round_altar
D:8:      kennysheep_mini, lemuel_round_altar, evilmike_ruin_ashenzari,
          dpeg_oklobed_lair, hangedman_pestilent_swarm
Temple:   eino_narrow_crystal_temple_a_12
Lair:1:   wad_woods_stonehenge
Lair:2:   special_room, portal_ice_cave_entry_ice_beasts, uniq_harold
Sewer:    sewer_fruit_machine
IceCv:    ice_cave_caverns_02

Action                   |  1- 3 |  4- 6 |  7- 9 | 10-12 || total
-------------------------+-------+-------+-------+-------++-------
Melee: Dagger            |    56 |   139 |   128 |    51 ||   374
       Rapier            |       |       |       |   141 ||   141
Throw: Javelin           |       |     3 |     3 |       ||     6
 Cast: Corona            |     6 |     2 |       |       ||     8
       Ensorcelled Hiber |    14 |    35 |    38 |    56 ||   143
       Pain              |       |     5 |    22 |     2 ||    29
       Confuse           |       |     3 |    13 |     6 ||    22
 Abil: End Transformatio |       |     2 |       |       ||     2
       Bat Form          |       |     2 |       |       ||     2
  Use: Potion            |       |     2 |     1 |     2 ||     5
       Scroll            |       |       |     1 |     2 ||     3
 Stab: Sleeping          |    20 |    36 |    55 |    43 ||   154
       Invisible         |       |     2 |       |       ||     2
       Confused          |       |     1 |     7 |     3 ||    11
       Distracted        |       |     1 |     1 |       ||     2
  Eat: Corpse            |       |     1 |       |     1 ||     2
